 Dungeon Crawl Stone Soup version 0.29-a0-517-gbdf32494f2 (webtiles) character file.

Game seed: 3653232761280825304

27 purpskrrrp the Ruffian (level 2, 0/29 HPs)
             Began as a Troll Monk on May 30, 2022.
             Slain by an orc priest
             ... wielding a +0 dagger
              (1 damage)
             ... on level 2 of the Dungeon.
             The game lasted 00:01:29 (958 turns).

purpskrrrp the Ruffian (Troll Monk)                  Turns: 958, Time: 00:01:30

Health: 0/29       AC:  4    Str: 18    XL:     2   Next: 93%
Magic:  1/1        EV: 10    Int:  6    God:
Gold:   14         SH:  0    Dex: 12    Spells: 1/1 levels left

rFire   . . .      SeeInvis .     - Unarmed
rCold   . . .      Faith    .   (no shield)
rNeg    . . .      Spirit   .   a - +0 robe
rPois   .          Reflect  .   (helmet restricted)
rElec   .          Harm     .   (no cloak)
rCorr   .          Rampage  .   (gloves unavailable)
Will    .....                   (boots unavailable)
Stlth   ++........              (no amulet)
HPRegen 0.89/turn               (no ring)
MPRegen 0.07/turn               (no ring)

@: no status effects
A: large, unfitting armour, claws 3, regeneration 1, shaggy fur 1, tough skin 1
a: no special abilities


You were on level 2 of the Dungeon.
You visited 1 branch of the dungeon, and saw 2 of its levels.

You collected 14 gold pieces.

Inventory:

Armour
 a - a +0 robe (worn)
Magical Staves
 c - a staff of cold
Scrolls
 d - 3 scrolls of identify {unknown}
 e - 2 scrolls of noise {unknown}
Potions
 b - 2 potions of ambrosia
 f - a potion of curing {unknown}
 g - 2 potions of berserk rage {unknown}
 h - a potion of brilliance {unknown}


   Skills:
 + Level 2.7 Fighting
 + Level 2.7 Dodging
 + Level 1.0 Stealth
 + Level 3.5 Unarmed Combat


You had one spell level left.
You didn't know any spells.
Your spell library was empty.

Dungeon Overview and Level Annotations

Branches:
Dungeon (2/15)

Altars:


Innate Abilities, Weirdness & Mutations

You are too large for most types of armour.
You have claws for hands.
Your natural rate of healing is unusually fast.
You are covered in fur. (AC +1)
You have tough skin. (AC +1)


Message History

An orc comes into view. It is wielding a +0 dagger.
The orc priest shouts!
An orc priest comes into view. It is wielding a +0 mace.
The orc priest looks satisfied for a moment.
The orc closely misses you. The orc attacks as you move away!
The orc barely misses you. x2
The orc attacks as you move away! The orc closely misses you.
The orc attacks as you move away! The orc barely misses you.
The orc attacks as you move away! The orc hits you with a +0 short sword.
The orc priest calls down the wrath of Beogh upon you.
Beogh smites you! The orc attacks as you move away! The orc closely misses you.
The orc attacks as you move away! The orc closely misses you.
The orc attacks as you move away! The orc closely misses you.
You closely miss the orc. The orc hits you with a +0 morningstar.
You claw the orc!
You kill the orc!
The orc hits you with a +0 hand axe.
The orc priest mumbles some strange prayers to Beogh against you.
Beogh smites you!
* * * LOW HITPOINT WARNING * * *
Things that are here:
a +0 morningstar; a +0 leather armour You scratch the orc but do no damage.
The orc closely misses you.
You scratch the orc.
The orc is moderately wounded.
The orc hits you but does no damage.
The orc priest looks braver for a moment.
You closely miss the orc.
The orc is moderately wounded.
The orc hits you with a +0 hand axe.
* * * LOW HITPOINT WARNING * * *
You claw the orc!
You kill the orc!
You barely miss the orc priest.
The orc priest hits you with a +0 dagger.
* * * LOW HITPOINT WARNING * * *
You scratch the orc priest but do no damage.
The orc priest hits you with a +0 dagger.
You die...

###.# #.#
#.# #o# #.#
#o# #o# #o#
#@# #.# #.#
#.# #.#
#.##########
#.........<#
############


You could see 2 orc priests and 2 orcs.

Vanquished Creatures
  A dart slug (D:1)
  2 orcs (D:2)
  2 ball pythons (D:1)
  3 endoplasms (D:1)
  2 giant cockroaches (D:1)
  A goblin (D:1)
  3 kobolds (D:1)
  2 quokkas (D:1)
  A frilled lizard (D:1)
  3 rats (D:1)
20 creatures vanquished.

Notes
Turn   | Place    | Note
-------+----------+-------------------------------------------
     0 | D:1      | purpskrrrp the Troll Monk began the quest for the Orb.
     0 | D:1      | Reached XP level 1. HP: 22/22 MP: 0/0
    99 | D:1      | Reached XP level 2. HP: 29/29 MP: 1/1
   581 | D:1      | Found a faded altar of an unknown god.
   955 | D:2      | HP: 1/29 [orc/+0 hand axe (4)]
   958 | D:2      | Slain by an orc priest

Illustrated notes

Levels and vault maps discovered:
D:1:      minmay_arrival_five_plusses, layout_basic, basic_ecumenical_altar,
          minmay_misc_feat_five, minmay_misc_feat_rugged
D:2:      cheibrodos_pilgrimage, layout_basic, basic_altar,
          kennysheep_generic_room_8

Action                   || total
-------------------------++-------
Melee: Unarmed           ||    44
       Punch             ||     1
Armor: Robe              ||    13
Dodge: Dodged            ||    29

Table legend: (Time is in decaauts)
 A = Elapsed time spent in this place.
 B = Non-inter-level travel time spent in this place.
 C = Inter-level travel time spent in this place.
 D = Time resting spent in this place.
 E = Time spent auto-exploring this place.
 F = Levels seen in this place.
 G = Mean time per level.
                   A        B        C        D        E       F      G
               +--------+--------+--------+--------+--------+-----+--------+
         Total |    955 |    955 |      0 |      0 |    721 |   2 |  477.5 |
       Dungeon |    955 |    955 |      0 |      0 |    721 |   2 |  477.5 |
               +--------+--------+--------+--------+--------+-----+--------+

Top non-repeatable levels by time:
     D:1: 898 daAuts
     D:2: 56 daAuts
